 Dungeon Crawl Stone Soup version 0.18-a0-1805-g8ab820f (webtiles) character file.

112 MovingMist the Skirmisher (level 4, 0/42 HPs)
             Began as a Naga Fighter on Apr 26, 2016.
             Slain by a worm (7 damage)
             ... on level 3 of the Dungeon.
             The game lasted 00:05:21 (2053 turns).

MovingMist the Skirmisher (Naga Fighter)            Turns: 2053, Time: 00:05:22

Health: 0/42       AC:  5    Str: 18    XL:     4   Next: 93%
Magic:  4/4        EV:  5    Int:  8    God:
Gold:   78         SH: 10    Dex: 12    Spells: 0 memorised, 3 levels left

rFire  . . .     SeeInvis +     a - +0 trident
rCold  . . .     Gourm    .     b - +0 scale mail
rNeg   . . .     Faith    .     c - +1 shield
rPois  +         Spirit   .     (no helmet)
rElec  .         Dismiss  .     (no cloak)
rCorr  .         Reflect  .     (no gloves)
SustAt .         Harm     .     (no barding)
MR     .....                    (no amulet)
Stlth  ..........               (no ring)
                                (no ring)

@: very slow, not resistant to hostile enchantments, extremely unstealthy
A: see invisible, deformed body, poison resistance, slowness 2, slow metabolism
1, spit poison 2, AC +1
a: Spit Poison


You were on level 3 of the Dungeon.
You were not hungry.

You visited 1 branch of the dungeon, and saw 3 of its levels.

You collected 78 gold pieces.

Inventory:

Hand Weapons
 a - a +0 trident (weapon)
 j - a +0 dagger
Armour
 b - a +0 scale mail (worn)
 c - a +1 shield (worn)
Scrolls
 l - 2 scrolls of teleportation
 n - a scroll of fear
 p - a scroll of noise {unknown}
Potions
 d - 3 potions of curing
 e - 2 potions of cure mutation
 g - a potion of flight {unknown}
 h - 2 potions of heal wounds {unknown}
 i - a potion of brilliance {unknown}
 k - a potion of cancellation {unknown}
 m - a potion of resistance {unknown}
 o - 2 potions of degeneration {unknown}
Comestibles
 f - 2 bread rations
 q - 7 chunks of flesh


   Skills:
 + Level 3.5 Fighting
 + Level 3.2 Polearms
 - Level 2.6 Armour
 + Level 1.0 Dodging
 + Level 3.2 Shields


You had 3 spell levels left.
You didn't know any spells.

Dungeon Overview and Level Annotations

Branches:
Dungeon (3/15)

Altars:


Innate Abilities, Weirdness & Mutations

You cannot wear boots.
Your serpentine skin is tough (AC +1).
You have supernaturally acute eyesight.
Armour fits poorly on your strangely shaped body.
Your system is resistant to poisons.
You cover ground very slowly.
You have a slow metabolism.
You can spit poison.


Message History

The worm is heavily wounded.
You hit the worm but do no damage.
The worm is heavily wounded.
You block the worm's attack.
You hit the worm.
The worm is heavily wounded.
The worm bites you.
You hit the worm but do no damage.
The worm is heavily wounded.
You hit the worm.
The worm is heavily wounded.
The worm bites you but does no damage.
You hit the worm.
The worm is severely wounded.
The worm bites you!
* * * LOW HITPOINT WARNING * * *
You barely miss the worm.
The worm is heavily wounded.
The worm bites you!
You die...

#.?...... #........
#........ #........
#)....... #####........
############....w....%.#
................@..!....
...##### ###............
##...รท## #............
####[.#####............
##....##............
####.>.............
####............
........######
#.......#....


You could see a worm.

Vanquished Creatures
  4 gnolls (D:2)
  2 adders
  3 dart slugs (D:1)
  4 giant geckos
  2 orcs (D:3)
  A ball python (D:1)
  4 bats
  2 giant cockroaches (D:1)
  5 hobgoblins
  A quokka (D:2)
  2 giant newts (D:1)
  6 goblins
  3 kobolds (D:1)
  7 rats
46 creatures vanquished.

Notes
Turn   | Place    | Note
--------------------------------------------------------------
     0 | D:1      | MovingMist the Naga Fighter began the quest for the Orb.
     0 | D:1      | Reached XP level 1. HP: 21/21 MP: 1/1
   151 | D:1      | Reached XP level 2. HP: 28/28 MP: 2/2
   974 | D:1      | Reached XP level 3. HP: 32/34 MP: 3/3
  1266 | D:2      | Reached XP level 4. HP: 2/42 MP: 4/4
  2010 | D:3      | Reached skill level 1 in Dodging
  2053 | D:3      | Slain by a worm

Vault maps used:
D:1:      dpeg_arrival_rooms_b
D:3:      nicolae_overflow_hidden_temple, first_bread,
          nicolae_dithmenos_through_a_glass_darkly

Skill      XL: |  1  2  3  4 |
---------------+-------------+-----
Shields        | 3 |  3.2
Polearms       | 3 |  3.2
Dodging        | 1 |  1.0
Fighting       | |  3.5
Armour         | |  2.6

Action                   |  1- 3 |  4- 6 || total
-------------------------+-------+-------++-------
Melee: Trident           |   114 |    88 ||   202
  Use: Scroll            |     4 |     4 ||     8
       Potion            |     1 |       ||     1
  Eat: Chunk             |       |     3 ||     3
Armor: Scale mail        |    37 |    31 ||    68
Dodge: Dodged            |    22 |    19 ||    41
Block: Shield            |    59 |    43 ||   102
